 Dungeon Crawl Stone Soup version bcrawl-1.38.1 (webtiles) character file.

Game seed: 7026398977047421595

18534539 kuniqs the Acrobat (level 27, 247/247 HPs)
             Began as a Demigod Fighter on Apr 21, 2023.
             Escaped with the Orb
             ... and 3 runes!
             The game lasted 02:14:40 (52726 turns).

kuniqs the Acrobat (Demigod Fighter)               Turns: 52726, Time: 02:14:40

Health: 247/247    AC: 41    Str: 44    XL:     27
Magic:  40/42      EV: 40    Int: 21    God:    Demigod [******]
Gold:   607        SH: 38    Dex: 26    Spells: 26/26 levels left

rFire    + . .     GDR:     50% g - +9 double sword (slice)
rCold    + + .     SeeInvis +   h - +6 medium shield of the Cicada {+Fly rC+ MR+ Slay-4}
rNeg     + . .     Gourm    .   p - +10 pearl dragon scales
rPois    +         Faith    +   n - +2 helmet {SInv}
rElec    +         Spirit   .   W - scarf {rC+ rF+}
rCorr    .         Reflect  .   i - +2 pair of gloves of Pocuth {Str+4 Int+2}
MR       +++..                  D - +0 pair of boots "Siki" {Str+5 Int+4}
Stlth    ++........             G - amulet of Tejez {Faith rF+}
HPRegen  0.51/turn              U - ring of the Invisible Hand {rElec rPois rC- EV+3 Int+5}
MPRegen  0.28/turn              O - ring "Nuserphasm" {rPois rF- rC+ Str+5 Stlth++}

@: heroism, studying Transmutations
A: see invisible, agile 1, dopey 1, high mp 1, wild magic 2
0: Orb of Zot
}: 3/15 runes: barnacled, silver, gossamer
a: Temporal Distortion, Growth, Major Destruction, Heroism, Divine Shield,
Smiting, Evoke Flight


You escaped.
You worshipped Demigod.
Demigod was exalted by your worship.
You were not hungry.

You visited 9 branches of the dungeon, and saw 41 of its levels.
You visited the Abyss 1 time.
You visited 1 bazaar.
You also visited: Sewer, Gauntlet and Ice Cave.

You collected 9780 gold pieces.
You spent 9173 gold pieces at shops.

Inventory:

Hand Weapons
 g - a +9 double sword of slicing (weapon)
 Y - a +9 double sword of protection
Missiles
 c - 13 throwing nets {=f}
 r - 236 javelins of penetration {=f}
 s - 1300 poisoned tomahawks (quivered)
Armour
 h - the +6 medium shield of the Cicada (worn) {+Fly rC+ MR+ Slay-4}
   (You took it off Donald on level 1 of the Shoals)

   It affects your accuracy and damage with ranged weapons and melee attacks
   (-4).
   It protects you from cold.
   It affects your resistance to hostile enchantments.
   It lets you fly.
 i - the +2 pair of gloves of Pocuth (worn) {Str+4 Int+2}
   (You found it on level 3 of the Shoals)

   It affects your strength (+4).
   It affects your intelligence (+2).
 n - a +2 helmet of see invisible (worn)
 p - +10 pearl dragon scales (worn)
 D - the +0 pair of boots "Siki" (worn) {Str+5 Int+4}
   (You bought it in a shop on level 1 of the Vaults)

   It affects your strength (+5).
   It affects your intelligence (+4).
 I - the +12 chain mail of Rationality {rF++}
   (You found it on level 8 of the Dungeon)

   It greatly protects you from fire.
 W - a scarf of resistance (worn)
Jewellery
 G - the amulet of Tejez (around neck) {Faith rF+}
   (You took it off a deep elf death mage on level 3 of the Elven Halls)

   [amulet of faith]

   It allows you to gain divine favour quickly.
   It protects you from fire.
 O - the ring "Nuserphasm" (right hand) {rPois rF- rC+ Str+5 Stlth++}
   (You found it on level 6 of the Lair of Beasts)

   [ring of stealth]

   It affects your strength (+5).
   It makes you vulnerable to fire.
   It protects you from cold.
   It protects you from poison.
   It makes you much more stealthy.
 U - the ring of the Invisible Hand (left hand) {rElec rPois rC- EV+3 Int+5}
   (You found it on level 2 of the Vaults)

   [ring of evasion]

   It affects your evasion (+3).
   It affects your intelligence (+5).
   It makes you vulnerable to cold.
   It insulates you from electricity.
   It protects you from poison.
Wands
 J - a wand of iceblast (24)
 Q - a wand of clouds (2)
 X - a wand of digging (35)
Scrolls
 a - a scroll of enchant weapon
 b - 5 scrolls of magic mapping
 m - 5 scrolls of blinking
 q - 9 scrolls of fog
 w - 22 scrolls of remove curse
 y - 35 scrolls of teleportation
 z - 5 scrolls of enchant armour
 E - a scroll of summoning
 F - 7 scrolls of immolation
 L - 3 scrolls of silence
 R - 6 scrolls of fear
Potions
 d - 7 potions of might
 f - 5 potions of invisibility
 j - 6 potions of haste
 k - 7 potions of curing
 l - 3 potions of ambrosia
 o - 5 potions of heal wounds
 t - 12 potions of mutation
 x - 10 potions of flight
 A - 4 potions of agility
 H - 8 potions of resistance
 M - 5 potions of magic
 N - 2 potions of berserk rage
 S - 2 potions of cancellation
Miscellaneous
 P - a lamp of fire
Comestibles
 e - 57 rations {!d}


   Skills:
 + Level 20.3(25.3) Fighting
 - Level 16.0(21.0) Long Blades
   Level 6.2(11.2) Polearms
 - Level 12.0(17.0) Throwing
 + Level 20.4(25.4) Armour
 + Level 21.2(26.2) Dodging
 - Level 20.1(25.1) Shields
 - Level 20.0 Invocations


You had 26 spell levels left.
You didn't know any spells.
Your spell library contained the following spells:

 Spells                   Type           Power        Failure   Level  Hunger
 Throw Frost              Conj/Ice       #.....       45%         2    ####...
 Freeze                   Ice            #.....       69%         1    None
 Magic Dart               Conj           #...         69%         1    None
 Sandblast                Erth           #.....       69%         1    None
 Slow                     Hex            #.......     69%         1    None
 Blink                    Tloc           N/A          80%         2    ####...
 Call Imp                 Summ           #.....       80%         2    ####...
 Ensorcelled Hibernation  Hex/Ice        #.....       80%         2    ####...
 Passwall                 Tmut/Erth      #.......     80%         2    ####...
 Swiftness                Chrm/Air       #.......     80%         2    ####...
 Call Canine Familiar     Summ           #.......     95%         3    #####..
 Confuse                  Hex            #.......     95%         3    #####..
 Conjure Flame            Conj/Fire      #.......     95%         3    #####..
 Dazzling Orbs            Conj/Hex       #......      95%         3    #####..
 Ignite Poison            Fire/Tmut/Pois #.......     95%         3    #####..
 Mephitic Cloud           Conj/Pois/Air  #.......     95%         3    #####..
 Ozocubu's Armour         Chrm/Ice       #.......     95%         3    #####..
 Recall                   Summ/Tloc      N/A          95%         3    #####..
 Spider Form              Tmut/Pois      #..          95%         3    #####..
 Stone Arrow              Conj/Erth      #.....       95%         3    #####..
 Tukima's Dance           Hex            #.......     95%         3    #####..
 Airstrike                Air            #.........   100%        4    ######.
 Cause Fear               Hex            #.........   100%        4    ######.
 Ice Form                 Ice/Tmut       #.......     100%        4    ######.
 Lightning Bolt           Conj/Air       #.......     100%        4    ######.
 Petrify                  Tmut/Erth      #.........   100%        4    ######.
 Summon Ice Beast         Ice/Summ       #.......     100%        4    ######.
 Summon Scorpions         Summ/Pois      #.......     100%        4    ######.
 Throw Icicle             Conj/Ice       #.......     100%        4    ######.
 Tree Form                Hex/Tmut       N/A          100%        4    ######.
 Yara's Violent Unravell  Hex/Tmut       #.........   100%        4    ######.
 Bolt of Magma            Conj/Fire/Erth #.........   100%        5    #######
 Iskenderun's Battlesphe  Conj/Chrm      #.......     100%        5    #######
 Lee's Rapid Deconstruct  Erth           #.........   100%        5    #######
 Metabolic Englaciation   Hex/Ice        #.........   100%        5    #######
 Piercing Shot            Chrm           #.........   100%        5    #######
 Silence                  Hex/Air        #.........   100%        5    #######
 Steam Barrier            Chrm/Fire      #.........   100%        5    #######
 Summon Demon             Summ           #.........   100%        5    #######
 Summon Forest            Summ/Tloc      #.........   100%        5    #######
 Summon Mana Viper        Hex/Summ       #.......     100%        5    #######
 Aura of Abjuration       Summ           #.........   100%        6    #######
 Bolt of Cold             Conj/Ice       #.........   100%        6    #######
 Death Channel            Chrm/Necr      #.........   100%        6    #######
 Deflect Missiles         Chrm/Air       #.........   100%        6    #######
 Infestation              Hex/Tmut/Pois  #........    100%        6    #######
 Iron Shot                Conj/Erth      #.........   100%        6    #######
 Simulacrum               Ice/Necr       #.......     100%        6    #######
 Statue Form              Tmut/Erth      #........    100%        6    #######
 Summon Hydra             Summ           #.........   100%        6    #######
 Virulence                Hex/Pois       #.......     100%        6    #######
 Discord                  Hex            #.........   100%        7    #######
 Dragon Form              Tmut           #......      100%        7    #######
 Haunt                    Necr/Summ      #.........   100%        7    #######
 Mana Rupture             Conj/Hex       #.........   100%        7    #######
 Monstrous Menagerie      Summ           #.........   100%        7    #######
 Shadow Creatures         Summ           N/A          100%        7    #######
 Borgnjor's Revivificati  Necr           #.........   100%        8    #######
 Necromutation            Tmut/Necr      #.......     100%        8    #######
 Time Stop                Chrm/Tloc      N/A          100%        8    #######
 Tornado                  Tloc/Air       #.........   100%        8    #######
 Shatter                  Erth           #.........   100%        9    #######


Dungeon Overview and Level Annotations

Branches:
Dungeon (12/12)            Temple (0/1) D:7            Lair (6/6) D:9
 Shoals (3/3) Lair:3       Spider (3/3) Lair:2        Slime (0/5) Lair:5
    Orc (1/1) D:11            Elf (3/3) Orc          Vaults (3/3) D:11
  Crypt (0/2) Vaults:2     Depths (5/5) D:12            Zot (5/5) Depths:5

Shops:
D:4 *   D:6 ?(=*   D:10 *   D:12 :*!?}   Orc !?!*[[:*=   Elf:3 ?:[*[%
Vaults:1 *:?   Vaults:2 ?   Vaults:3 [   Depths:3 :   Depths:5 (([%%

Portals:
Hell: Depths:1 Depths:2 Depths:3 Depths:4 Depths:5
Abyss: Depths:2 Depths:4 Depths:5
Pandemonium: Depths:3 Depths:4
Ziggurat: Depths:5
Trove: D:12 (give +8 great mace)


Innate Abilities, Weirdness & Mutations

You have an increased reservoir of magic. (+10% MP)
You have supernaturally acute eyesight. (SInv)
You are agile. (Dex +2)
You are dopey. (Int -2)
Your spells are harder to cast, but more powerful.


Message History

You feel like a meek peon again.
The golden eye is too close now for your liking.
Throwing (i - inventory. (/) - cycle)
s - 1302 poisoned tomahawks (quivered)
Press: ? - help, Shift-Dir - straight line, f - golden eye
Aim: a golden eye You throw a poisoned tomahawk.
The poisoned tomahawk misses the golden eye.
The golden eye blinks at you. You resist with almost no effort.
Throwing (i - inventory. (/) - cycle)
s - 1301 poisoned tomahawks (quivered)
Press: ? - help, Shift-Dir - straight line, f/p - golden eye
Aim: a golden eye You throw a poisoned tomahawk.
The poisoned tomahawk hits the golden eye!!
You kill the golden eye!
Your kill strengthens your divinity.
You gain the combat prowess of a mighty hero.
There is a staircase leading out of the dungeon here.
The power of the Orb breaks the dimensional shunt like a soap bubble!
You have escaped!

###.####..............#
..#...........##......###
..###.........#.........#
...........####.#.#>#.#.#
..........## #.#.###.#.#
...##.....## #....#....#
..##..#....####...###†..#
................### ###.#
..##.#####.###..@## ##.#
..#..#####......#.# ##>.##
..#.#.....>.##..>## #.#..#
###.#.#####.###.## ##...#
#.....# #.###.### ###..#
..#.#### #..##...###....#
.......# ##.##....#.....#
.......# #....#.###.#..#
.......######...#.#>#.#..#


There were no monsters in sight!

Vanquished Creatures
  4 orbs of fire (Zot:5)
  3 ancient liches (Zot:5)
  Sojobo (Vaults:3)
  8 Killer Klowns
  4 golden dragons
  17 caustic shrikes
  4 curse toes (Zot:5)
  Saint Roka (Elf:3)
  Frederick (Depths:3)
  Gastronok (Lair:1)
  3 rockslimes
  2 bone dragons (Depths:5)
  A profane servitor (D:6)
  8 electric golems
  3 Orb Demons
  A Shadow Fiend (D:9)
  A Brimstone Fiend (Depths:3)
  28 Orb Guardians
  16 tentacled monstrosities
  Frances (D:10)
  2 titans
  4 liches
  2 deep elf blademasters (Elf:3)
  2 quicksilver dragons
  3 acid blobs (Depths:4)
  Asterion (Depths:3)
  An ancient champion (Depths:3)
  4 deep elf master archers (Elf:3)
  An Executioner (D:12)
  5 sphinxes
  9 tengu reavers
  4 death cobs
  7 shadow dragons
  A tentacled starspawn (Abyss:1)
  Roxanne (D:12)
  Donald (Shoals:1)
  Agnes (D:12)
  6 storm dragons
  Kirke (D:12)
  A blood saint (Depths:1)
  2 azure jellies (Depths:4)
  8 draconian monks
  5 draconian knights
  2 war gargoyles
  10 fire giants
  A daeva (D:6)
  3 frost giants
  15 vault wardens
  9 ghost moths
  2 deep elf sorcerers (Elf:3)
  5 emperor scorpions (Spider:3)
  3 deep elf elementalists (Elf:3)
  4 spectral caustic shrikes (Depths:2)
  2 angels (D:12)
  12 ironheart preservers
  4 draconian stormcallers
  Aizul (Shoals:3)
  5 iron dragons
  2 eyes of devastation
  9 draconian annihilators
  5 draconian shifters
  A spriggan defender (Depths:3)
  An elemental wellspring (Shoals:3)
  10 draconian scorchers
  The ghost of yrara the Black Belt, a journeyman DsFi of Gozag (Orc)
  2 vampire knights
  26 stone giants
  3 jiangshi (Depths:3)
  28 very ugly things
  7 deep elf demonologists
  Nessos (Lair:6)
  10 yellow draconians
  5 deep elf annihilators
  8 black draconians
  2 entropy weavers
  11 purple draconians
  10 green draconians
  2 dire elephants
  19 red draconians
  A lorocyproca (Depths:3)
  An eidolon (Vaults:2)
  15 white draconians
  4 minotaurs
  10 deep elf death magi
  4 merfolk javelineers
  5 spark wasps
  2 blizzard demons (Depths:1)
  6 ettins
  17 yaktaur captains
  8 fire dragons
  5 merfolk impalers
  Josephine (Lair:6)
  The ghost of Ytudaust the Cleaver, a journeyman DsFi of Gozag (Lair:2)
  2 hell beasts
  A rakshasa (Depths:1)
  28 vault guards
  14 hydras
  3 deep elf high priests (Elf:3)
  16 ice dragons
  A monstrous demonspawn (Depths:3)
  6 catoblepae
  3 spriggan air magi (Depths:4)
  A merfolk aquamancer (Shoals:3)
  11 great orbs of eyes
  12 ogre magi
  2 alligator snapping turtles (Shoals:3)
  25 two-headed ogres
  2 merfolk avatars
  3 anacondas
  4 deep troll shamans
  34 dancing weapons
  Sonja (Lair:5)
  A death knight (D:12)
  10 sea snakes
  8 satyrs
  6 tengu warriors
  2 orc high priests
  2 vampire magi (Depths:3)
  14 death yaks
  A thrashing horror (Abyss:1)
  A deep troll earth mage (Depths:1)
  7 death oozes (Depths:4)
  26 deep elf knights
  3 wretched stars (Abyss:1)
  A sun demon (Depths:4)
  11 centaur warriors
  A soul eater (Depths:3)
  A fire crab (Shoals:2)
  8 deep trolls
  12 hell knights
  An iron troll (Depths:3)
  A sixfirhy (Depths:5)
  An anaconda zombie (Abyss:1)
  4 skeletal warriors (D:11)
  2 unseen horrors (D:11)
  3 gelid demonspawn
  An orange crystal statue (Depths:1)
  A cherub (D:12)
  An infernal demonspawn (Depths:4)
  2 spriggan druids (Depths:4)
  6 glowing orange brains
  2 phantasmal warriors (Vaults:3)
  10 ironheart convokers
  2 wolf spider zombies (D:12)
  9 wizards
  6 cyclopes
  2 flayed ghosts
  16 deep elf archers
  A cyclops (shapeshifter) (Vaults:3)
  A sphinx zombie (Depths:1)
  25 harpies
  27 wolf spiders
  5 necromancers
  4 orc knights
  4 lindwurms
  26 fauns
  11 orb spiders
  5 orc sorcerers
  46 ugly things
  67 deep elf magi
  18 manticores
  14 moths of wrath
  2 ice statues (IceCv)
  7 black mambas
  6 merfolk sirens
  10 vault sentinels
  A frost giant skeleton (Depths:1)
  A stone giant skeleton (Depths:1)
  4 water nymphs
  A spriggan zombie (Depths:4)
  2 orange demons
  3 torpor snails
  3 smoke demons
  13 demonic crawlers
  A gargoyle (D:10)
  A spriggan skeleton (Depths:1)
  11 cane toads
  30 jumping spiders
  6 hellwings
  4 large abominations
  A tormentor (Depths:4)
  41 yaktaurs
  An eye of draining (Depths:1)
  5 rime drakes
  11 ice devils
  An efreet (D:11)
  A yaktaur (shapeshifter) (D:11)
  3 flying skulls (Gauntlet)
  A red devil (Depths:4)
  7 tengu conjurers
  7 komodo dragons
  9 tyrant leeches (Spider:3)
  A queen bee (shapeshifter) (Elf:1)
  5 hornets
  6 wind drakes
  A wolf spider simulacrum (D:12)
  A shadow dragon simulacrum (Depths:4)
  2 trolls
  17 blink frogs
  28 merfolk
  Grinder (D:4)
  11 snapping turtles
  A polar bear (shapeshifter) (Vaults:3)
  4 raiju (Abyss:1)
  11 dream sheep
  12 hippogriffs
  45 slime creatures
  4 meliai zombies
  A stone giant simulacrum (Depths:1)
  An air elemental (Elf:3)
  3 spriggans
  2 shadows (D:11)
  A spriggan simulacrum (Depths:4)
  A wyvern (D:11)
  26 water elementals
  14 tarantellas
  A ynoxinul (Abyss:1)
  3 yaks (shapeshifter) (Vaults:3)
  9 wraiths
  3 basilisks
  2 vampires
  6 golden eyes (D:1)
  A neqoxec (Depths:3)
  3 fire elementals
  45 yaks
  5 hogs (D:11)
  A redback (shapeshifter) (Depths:3)
  3 hungry ghosts
  56 redbacks
  A steam dragon (Lair:5)
  A warg (D:11)
  5 swamp worms (Spider:3)
  An acid dragon (D:11)
  A hell hound (Depths:4)
  13 crocodiles
  7 water moccasins
  7 porcupines
  2 floating eyes
  Duvessa (D:7)
  37 orc warriors
  A black bear (D:11)
  A hornet zombie (D:8)
  10 ice beasts
  2 sky beasts
  5 necrophages (D:10)
  2 phantoms
  24 ogres
  7 boggarts
  A tengu (shapeshifter) (Elf:3)
  A wolf (shapeshifter) (D:12)
  22 wolves
  14 bullfrogs
  8 earth elementals
  3 kobold brigands
  25 centaurs
  Dowan (D:7)
  4 small abominations (Abyss:1)
  2 scorpions
  8 killer bees
  3 electric eels
  8 orc priests
  2 crimson imps
  A bullfrog zombie (D:6)
  4 starcursed masses (Abyss:1)
  A gnoll shaman (D:3)
  9 jellies
  5 hounds
  18 orc wizards
  4 iguanas
  13 worker ants
  A hound zombie (D:8)
  2 hound skeletons
  3 worker ant zombies
  Robin (D:2)
  6 gnolls
  15 adders
  2 shadow imps (D:7)
  10 white imps (IceCv)
  8 ufetubi (IceCv)
  2 oozes
  3 adder skeletons
  2 adder zombies
  3 worms
  2 dart slugs
  8 leopard geckos
  69 orcs
  5 ball pythons
  9 giant cockroaches
  7 goblins
  6 hobgoblins
  17 jackals
  2 quokkas
  3 bats
  8 frilled lizards
  12 kobolds
  2 quokka skeletons
  6 rats
  2 plants
  A starspawn tentacle (Abyss:1)
2142 creatures vanquished.

Vanquished Creatures (others)
  A seraph (D:12)
  2 merfolk impalers (Orc)
  A tengu warrior (Orc)
  A harpy (Shoals:3)
  A deep elf mage (Elf:1)
  4 moths of wrath (Zot:5)
  A water nymph (Shoals:2)
  2 water elementals
  2 starcursed masses (Abyss:1)
  An ogre (Vaults:1)
  An orc wizard (Orc)
  A shadow imp (Gauntlet)
  A white imp (IceCv)
  2 bushes
  21 fungi
  69 plants
  A starspawn tentacle (Abyss:1)
112 creatures vanquished.

Grand Total: 2254 creatures vanquished

Notes
Turn   | Place    | Note
-------+----------+-------------------------------------------
     0 | D:1      | kuniqs the Demigod Fighter began the quest for the Orb.
     0 | D:1      | Reached XP level 1. HP: 18/18 MP: 3/3
    59 | D:1      | Reached XP level 2. HP: 25/25 MP: 4/4
   421 | D:2      | Noticed Robin
   425 | D:2      | Killed Robin
   430 | D:2      | Reached XP level 3. HP: 26/30 MP: 5/5
   488 | D:2      | Reached * piety under Demigod
   641 | D:2      | Noticed a scorpion
   647 | D:2      | Killed a scorpion
   648 | D:2      | Reached skill level 1 in Dodging
   648 | D:2      | Reached XP level 4. HP: 38/38 MP: 6/6
  1144 | D:3      | Reached XP level 5. HP: 38/45 MP: 7/7
  1272 | D:3      | Noticed an ogre
  1292 | D:3      | Killed an ogre
  1485 | D:3      | Reached XP level 6. HP: 46/51 MP: 8/8
  1573 | D:3      | Reached skill level 2 in Dodging
  2443 | D:4      | Reached ** piety under Demigod
  2613 | D:4      | Found a glowing drain.
  2622 | Sewer    | Entered a sewer
  2818 | Sewer    | Reached XP level 7. HP: 46/58 MP: 9/9
  2990 | D:4      | Found Xitt's Assorted Antiques.
  3039 | D:4      | Bought a scroll labeled OLINKYTOAS for 25 gold pieces
  3039 | D:4      | Bought 2 scrolls labeled RAECWE UPNY for 50 gold pieces
  3039 | D:4      | Bought a scroll labeled KAWIMO CIUF for 25 gold pieces
  3166 | D:4      | Noticed Grinder
  3274 | D:4      | Paralysed by Grinder for 2 turns
  3282 | D:4      | Killed Grinder
  3283 | D:4      | Reached skill level 3 in Dodging
  3283 | D:4      | Reached skill level 1 in Invocations
  3341 | D:4      | Reached skill level 5 in Long Blades
  3403 | D:4      | Reached XP level 8. HP: 49/66 MP: 12/12
  3656 | D:4      | Found a burning altar of Makhleb.
  3810 | D:5      | Entered Level 5 of the Dungeon
  4022 | D:5      | Reached *** piety under Demigod
  4437 | D:5      | Found an iron altar of Okawaru.
  4652 | D:6      | Found Quopruneshu's Jewellery Shop.
  4652 | D:6      | Found Ymnyar's General Store.
  4658 | D:6      | Found Lapnaef's Magic Scroll Shop.
  4659 | D:6      | Found Pauteupp's Weapon Shop.
  4666 | D:6      | Bought a potion of flight for 48 gold pieces
  4674 | D:6      | Bought a scroll of teleportation for 30 gold pieces
  4674 | D:6      | Bought a scroll of fear for 50 gold pieces
  4718 | D:6      | Reached skill level 1 in Throwing
  5318 | D:6      | Gained mutation: Your spells are a little harder to cast,
                  | but a little more powerful. [potion of mutation]
  5318 | D:6      | Gained mutation: You have a pair of small horns on your
                  | head. [potion of mutation]
  5318 | D:6      | Lost mutation: You have a pair of small horns on your head.
                  | [potion of mutation]
  5318 | D:6      | Gained mutation: You are agile. (Dex +2) [potion of
                  | mutation]
  5371 | D:6      | Noticed a hippogriff
  5381 | D:6      | Killed a hippogriff
  5554 | D:6      | Reached XP level 9. HP: 70/73 MP: 11/15
  5722 | D:7      | Found a glowing silver altar of Zin.
  5763 | D:7      | Reached skill level 5 in Armour
  5770 | D:7      | Reached skill level 4 in Dodging
  5783 | D:7      | Reached skill level 5 in Fighting
  5952 | D:7      | Reached skill level 5 in Shields
  6013 | D:7      | Got a slimy mace
  6096 | D:7      | Identified the +6 mace "Beciovowoj" {freeze, Str+4} (You
                  | found it on level 7 of the Dungeon)
  6213 | D:7      | Noticed Duvessa
  6216 | D:7      | Noticed Dowan
  6223 | D:7      | Killed Duvessa
  6230 | D:7      | Killed Dowan
  6331 | D:7      | Reached **** piety under Demigod
  6490 | D:7      | Found a staircase to the Ecumenical Temple.
  7139 | D:8      | Noticed a seven-headed hydra
  7153 | D:8      | Killed a seven-headed hydra
  7154 | D:8      | Reached skill level 5 in Invocations
  7299 | D:8      | Reached XP level 10. HP: 80/81 MP: 17/17
  7727 | D:8      | Got a buzzing chain mail
  7973 | D:9      | Reached skill level 5 in Dodging
  8394 | D:9      | Noticed a deep elf mage
  8395 | D:9      | Noticed a cyclops
  8442 | D:9      | Killed a cyclops
  8450 | D:9      | Noticed a lindwurm
  8451 | D:9      | Killed a deep elf mage
  8456 | D:9      | Killed a lindwurm
  8464 | D:9      | Noticed a cyclops
  8472 | D:9      | Killed a cyclops
  8473 | D:9      | Reached XP level 11. HP: 70/90 MP: 16/19
  8760 | D:9      | Found a staircase to the Lair.
  9156 | D:10     | Entered Level 10 of the Dungeon
  9372 | D:10     | Reached ***** piety under Demigod
  9384 | D:10     | Noticed a purple ugly thing
  9394 | D:10     | Killed a purple ugly thing
  9426 | D:10     | Noticed an eight-headed hydra
  9440 | D:10     | Killed a one-headed hydra
  9666 | D:10     | Found a blossoming altar of Fedhas.
  9729 | D:10     | Noticed Frances
  9803 | D:10     | Killed Frances
  9804 | D:10     | Reached skill level 5 in Throwing
  9804 | D:10     | Reached skill level 6 in Dodging
  9939 | D:10     | Noticed a tengu warrior
  9954 | D:10     | Killed a tengu warrior
 10056 | D:10     | Found Mep Keku's General Store.
 10061 | D:10     | Bought a scroll of identify for 34 gold pieces
 10061 | D:10     | Identified the +12 chain mail of Rationality {rF++} (You
                  | found it on level 8 of the Dungeon)
 10398 | D:11     | Found a gate leading to a gauntlet.
 10420 | Gauntlet | Entered a Gauntlet
 10420 | Gauntlet | Found a transporter.
 10420 | Gauntlet | Found a transporter.
 10424 | Gauntlet | Noticed a wizard
 10427 | Gauntlet | Found a transporter.
 10440 | Gauntlet | Found a transporter.
 10454 | Gauntlet | Found a transporter.
 10469 | Gauntlet | Found a transporter.
 10486 | Gauntlet | Found a transporter.
 10557 | Gauntlet | Found a transporter.
 10567 | Gauntlet | Found a transporter.
 10576 | Gauntlet | Noticed an entropy weaver
 10577 | Gauntlet | Found a transporter.
 10593 | Gauntlet | Found a transporter.
 10603 | Gauntlet | Found a transporter.
 10628 | Gauntlet | Found a transporter.
 10643 | Gauntlet | Found a transporter.
 10654 | Gauntlet | Noticed a death scarab
 10655 | Gauntlet | Found a transporter.
 10670 | Gauntlet | Found a transporter.
 10770 | Gauntlet | Killed a wizard
 10969 | Gauntlet | Noticed a phantasmal warrior
 10969 | Gauntlet | Noticed a phantasmal warrior
 10974 | Gauntlet | Reached XP level 12. HP: 97/100 MP: 16/22
 11093 | Gauntlet | Got a slimy ivory ring
 11094 | Gauntlet | Identified the ring of Xom's Passing Interest {rF- rC+
                  | Int+5 Dex+3 SInv} (You found it in a Gauntlet)
 11177 | Gauntlet | Noticed a minotaur
 11187 | Gauntlet | Killed a minotaur
 11324 | D:11     | Found a staircase to the Orcish Mines.
 11468 | D:11     | Noticed a two-headed ogre
 11476 | D:11     | Killed a two-headed ogre
 11494 | D:11     | Noticed a two-headed ogre
 11501 | D:11     | Noticed an ogre mage
 11503 | D:11     | Killed a two-headed ogre
 11504 | D:11     | Reached skill level 7 in Dodging
 11518 | D:11     | Killed an ogre mage
 11519 | D:11     | Reached skill level 10 in Long Blades
 11535 | D:11     | Noticed a two-headed ogre
 11559 | D:11     | Killed a two-headed ogre
 11637 | D:11     | Found a gate to the Vaults.
 12055 | D:11     | Noticed a two-headed ogre
 12098 | D:11     | Killed a two-headed ogre
 12099 | D:11     | Reached XP level 13. HP: 101/107 MP: 20/24
 12135 | D:11     | Reached skill level 10 in Invocations
 12443 | D:12     | Entered Level 12 of the Dungeon
 12467 | D:12     | Found a frozen archway.
 12503 | IceCv    | Entered an ice cave
 12818 | IceCv    | Found the +8 lance "Wyrmbane" {slay drac, rPois rF+ rC+
                  | AC+3}
 12969 | D:12     | Reached skill level 1 in Polearms
 12969 | D:12     | Reached skill level 8 in Dodging
 13054 | D:12     | Noticed Kirke
 13117 | D:12     | Killed Kirke
 13163 | D:12     | Found Irexacump's Magic Scroll Shoppe.
 13203 | D:12     | Bought a scroll of teleportation for 48 gold pieces
 13203 | D:12     | Bought a scroll of teleportation for 48 gold pieces
 13203 | D:12     | Bought a scroll of teleportation for 48 gold pieces
 13203 | D:12     | Bought a scroll of identify for 32 gold pieces
 13203 | D:12     | Bought a scroll of fear for 80 gold pieces
 13203 | D:12     | Bought a scroll of fear for 80 gold pieces
 13213 | D:12     | Found Kafauhox's Gadget Boutique.
 13409 | D:12     | Found a portal to a secret trove of treasure.
 13433 | D:12     | Found Aggoywow's Book Boutique.
 13504 | D:12     | Noticed Roxanne
 13560 | D:12     | Killed Roxanne
 13561 | D:12     | Identified Roxanne's Grimoire of the Rocks (You took it off
                  | Roxanne on level 12 of the Dungeon)
 13622 | D:12     | Reached XP level 14. HP: 62/116 MP: 15/26
 13817 | D:12     | Found Javvoen's General Store.
 13901 | D:12     | Found Gollame's Distillery.
 14147 | D:12     | Noticed Agnes
 14166 | D:12     | Killed Agnes
 14237 | D:12     | Found a staircase to the Depths.
 14422 | Orc      | Entered the Orcish Mines
 14452 | Orc      | Found Mokhluac's Distillery.
 14490 | Orc      | Found Deliz's Magic Scroll Shoppe.
 14492 | Orc      | Found a staircase to the Elven Halls.
 14650 | Orc      | Found Jeru's Distillery.
 14741 | Orc      | Found Nahiw's Jewellery Boutique.
 14813 | Orc      | Found Rafumiug's Assorted Antiques.
 14964 | Orc      | Reached ****** piety under Demigod
 15001 | Orc      | Found Qide's Armour Emporium.
 15001 | Orc      | Found Ihupn's Antique Armour Boutique.
 15003 | Orc      | Found Bung's General Store.
 15006 | Orc      | Found Faylu's Book Shoppe.
 15020 | Orc      | Bought a +2 helmet for 181 gold pieces
 15020 | Orc      | Bought a scarf of resistance for 352 gold pieces
 15078 | Orc      | Bought a black opal-encrusted chain mail for 266 gold
                  | pieces
 15224 | Orc      | Bought a scroll of identify for 26 gold pieces
 15225 | Orc      | Identified the +7 chain mail of the Thoughtful Shrikes
                  | {+Blink +Fly MR- Str-4} (You bought it in a shop in the
                  | Orcish Mines)
 15411 | Orc      | Found a runed translucent gate.
 15412 | Orc      | Found a runed translucent gate.
 15413 | Orc      | Found a runed translucent gate.
 15414 | Orc      | Noticed yrara's ghost (journeyman DsFi)
 15416 | Orc      | Found an iron altar of Okawaru.
 15460 | Orc      | Reached skill level 9 in Dodging
 15747 | Orc      | Killed yrara's ghost
 15762 | Orc      | Got a pair of fading boots
 15773 | Orc      | Identified the cursed -1 pair of boots "Tiuvvuss" {Dex+4}
                  | (You found it in the Orcish Mines)
 15976 | Lair:1   | Entered Level 1 of the Lair of Beasts
 16312 | Lair:1   | Noticed Gastronok
 16328 | Lair:1   | Killed Gastronok
 16880 | Lair:2   | HP: 5/118 [poisoned by a redback]
 17302 | Lair:2   | Reached XP level 15. HP: 95/126 MP: 21/28
 17367 | Lair:2   | Found a runed translucent gate.
 17368 | Lair:2   | Found a runed translucent gate.
 17368 | Lair:2   | Noticed Ytudaust's ghost (journeyman DsFi)
 17369 | Lair:2   | Found a runed translucent gate.
 17448 | Lair:2   | Killed Ytudaust's ghost
 17945 | Lair:2   | Found a hole to the Spider Nest.
 18274 | Lair:3   | Found a runed door.
 18292 | Lair:3   | Found a staircase to the Shoals.
 18934 | Lair:3   | Reached skill level 5 in Polearms
 20447 | Lair:5   | Reached skill level 10 in Shields
 20455 | Lair:5   | Reached skill level 10 in Armour
 20465 | Lair:5   | Reached skill level 10 in Fighting
 20575 | Lair:5   | Found a viscous altar of Jiyva.
 20575 | Lair:5   | Found a staircase to the Slime Pits.
 20578 | Lair:5   | Noticed Sonja
 20611 | Lair:5   | Killed Sonja
 21331 | Lair:6   | Entered Level 6 of the Lair of Beasts
 21921 | Lair:6   | Noticed Nessos
 21930 | Lair:6   | Killed Nessos
 21983 | Lair:6   | Reached skill level 10 in Dodging
 22002 | Lair:6   | Noticed Josephine
 22020 | Lair:6   | Killed Josephine
 22551 | Lair:6   | Reached XP level 16. HP: 135/135 MP: 27/30
 22724 | Lair:6   | Got a glittering turquoise ring
 22729 | Lair:6   | Identified the ring "Nuserphasm" {rPois rF- rC+ Str+5
                  | Stlth++} (You found it on level 6 of the Lair of Beasts)
 23083 | Orc      | Bought a scroll of acquirement for 676 gold pieces
 23085 | Orc      | Identified the +1 crystal plate armour "Wosmeunk" {rF- rN+
                  | MR+ Dex+4} (You acquired it in the Orcish Mines)
 23085 | Orc      | Identified the ring of Gukoj {rElec Int+3} (You acquired it
                  | in the Orcish Mines)
 23087 | Orc      | Identified the ring "Odok" {rF+ MR- Str+3 Int+2 Dex+3} (You
                  | acquired it in the Orcish Mines)
 23228 | D:6      | Bought a +6 ring of evasion for 1065 gold pieces
 23362 | Shoals:1 | Entered Level 1 of the Shoals
 23425 | Shoals:1 | Found a runed door.
 24448 | Shoals:1 | Identified the +6 medium shield of the Cicada {+Fly rC+ MR+
                  | Slay-4}
 24448 | Shoals:1 | Noticed Donald
 24492 | Shoals:1 | Killed Donald
 25817 | Shoals:3 | Entered Level 3 of the Shoals
 25859 | Shoals:3 | Reached XP level 17. HP: 78/144 MP: 18/32
 26116 | Shoals:3 | Reached skill level 10 in Throwing
 26136 | Shoals:3 | Reached skill level 11 in Dodging
 26168 | Shoals:3 | Noticed Aizul
 26187 | Shoals:3 | Killed Aizul
 26296 | Shoals:3 | Identified the +6 shortbow "Ranetaewk" {elec, MR++}
 26731 | Shoals:3 | Got a barnacled rune of Zot
 26747 | Shoals:3 | Identified the cursed +0 leather armour of Disag {rF- rC+++
                  | MP+9 Dex-3} (You found it on level 3 of the Shoals)
 26891 | Shoals:3 | Identified the +2 pair of gloves of Pocuth {Str+4 Int+2}
 27158 | Spider:1 | Entered Level 1 of the Spider Nest
 28131 | Spider:2 | Reached skill level 15 in Invocations
 28415 | Spider:2 | Reached XP level 18. HP: 152/152 MP: 34/34
 28720 | Spider:3 | Entered Level 3 of the Spider Nest
 29749 | Spider:3 | Reached skill level 12 in Dodging
 29790 | Spider:3 | Got a gossamer rune of Zot
 30190 | Elf:1    | Entered Level 1 of the Elven Halls
 31428 | Elf:2    | Reached XP level 19. HP: 161/161 MP: 36/36
 31431 | Elf:2    | Identified the +10 plate armour "Reuny" {*Corrode rPois
                  | Str+2}
 31617 | Elf:2    | Found a runed gate.
 31632 | Elf:2    | Found a runed gate.
 31632 | Elf:2    | Found a runed gate.
 31794 | Elf:2    | Noticed a Brimstone Fiend
 32491 | Elf:3    | Entered Level 3 of the Elven Halls
 32823 | Elf:3    | Found Wiumil's Book Shop.
 32830 | Elf:3    | Found Fimaant's Magic Scroll Shoppe.
 32901 | Elf:3    | Identified the +8 quarterstaff "Eptunuuf" {flame, MR+
                  | Str+5}
 32901 | Elf:3    | Identified the amulet of Tejez {Faith rF+}
 32967 | Elf:3    | Identified the ring of Akyki {Fire Str+6 Int-3}
 32991 | Elf:3    | Identified the +6 falchion of the Nexus {slice, rF+ rN+
                  | Int+4}
 32996 | Elf:3    | Noticed Saint Roka
 33013 | Elf:3    | Identified the +0 leather armour of the Volcano {rElec rF-
                  | MP+9}
 33015 | Elf:3    | Killed Saint Roka
 33040 | Elf:3    | Identified the cursed +1 executioner's axe of Lilaw {chop,
                  | rN+++ Dex-3 Stlth+}
 33135 | Elf:3    | Identified the Tome of Glacial Boosts
 33140 | Elf:3    | Identified Ufeaddam's Guide on Snow and Attacks
 33304 | Elf:3    | Bought a scroll of summoning for 150 gold pieces
 33304 | Elf:3    | Bought a scroll of enchant armour for 112 gold pieces
 33304 | Elf:3    | Bought a scroll of enchant weapon for 112 gold pieces
 33304 | Elf:3    | Bought a scroll of enchant weapon for 112 gold pieces
 33327 | Elf:3    | Found Wuzynir's Armour Shoppe.
 33394 | Elf:3    | Cast into level 1 of the Abyss (a deep elf demonologist)
 33496 | Abyss:1  | Reached XP level 20. HP: 118/171 MP: 37/37
 33637 | Abyss:1  | Identified the +10 plate armour of Pyjix {rElec MR- Dex+9}
 33706 | Abyss:1  | Reached skill level 13 in Dodging
 33879 | Elf:3    | Escaped the Abyss
 34049 | Elf:3    | Found Icri's Armour Shoppe.
 34277 | Elf:3    | Found Tofi's Food Shop.
 34343 | Elf:3    | Found Urum's Mayhem Merchandise.
 34845 | Vaults:1 | Entered Level 1 of the Vaults
 34864 | Vaults:1 | Found a flickering gateway to a bazaar.
 34884 | Bazaar   | Entered a bazaar
 34884 | Bazaar   | Found Pecowil's Food Emporium.
 34884 | Bazaar   | Found Icsuosoi's Assorted Antiques.
 34884 | Bazaar   | Found Pufi's Armour Shoppe.
 34884 | Bazaar   | Found Laim's Weapon Emporium.
 34884 | Bazaar   | Found Tuymouxt's Magic Scroll Emporium.
 34912 | Bazaar   | Bought a scroll of acquirement for 416 gold pieces
 34915 | Bazaar   | Identified the +1 plate armour of the Slorg {SInv} (You
                  | acquired it in a bazaar)
 34926 | Bazaar   | Bought a potion of magic for 80 gold pieces
 35022 | Vaults:1 | Found Axeane's Book Shop.
 35820 | Vaults:1 | Found Wuvoclol's General Store.
 35826 | Vaults:1 | Bought the cursed +0 pair of boots "Siki" {Str+5 Int+4} for
                  | 438 gold pieces
 35826 | Vaults:1 | Bought a scroll of teleportation for 48 gold pieces
 36097 | Vaults:1 | Reached skill level 14 in Dodging
 36309 | Vaults:1 | Found Coykim's Magic Scroll Shop.
 36319 | Vaults:1 | Bought a scroll of enchant weapon for 105 gold pieces
 36319 | Vaults:1 | Bought a scroll of enchant armour for 105 gold pieces
 36319 | Vaults:1 | Bought a scroll of enchant weapon for 105 gold pieces
 36319 | Vaults:1 | Bought a scroll of blinking for 105 gold pieces
 36692 | Vaults:2 | Found a staircase to the Crypt.
 36887 | Vaults:2 | Found Jaisumn's Magic Scroll Emporium.
 36897 | Vaults:2 | Bought a scroll of brand weapon for 288 gold pieces
 36897 | Vaults:2 | Bought a scroll of enchant armour for 120 gold pieces
 36937 | Vaults:2 | Reached XP level 21. HP: 180/180 MP: 39/39
 37355 | Vaults:2 | Reached skill level 15 in Long Blades
 37589 | Vaults:2 | Identified the ring of the Invisible Hand {rElec rPois rC-
                  | EV+3 Int+5}
 38016 | Vaults:3 | Entered Level 3 of the Vaults
 38105 | Vaults:3 | Noticed Sojobo
 38105 | Vaults:3 | Identified the +7 flail of Objectivity {protect, +Fly
                  | rElec}
 38110 | Vaults:3 | Reached skill level 15 in Dodging
 38151 | Vaults:3 | Identified the +3 robe of Oruniff {rC- Str+3 SInv}
 38157 | Vaults:3 | Killed Sojobo
 38578 | Vaults:3 | Reached XP level 22. HP: 190/190 MP: 40/40
 38768 | Vaults:3 | Found Tepiutu's Antique Armour Shop.
 38779 | Vaults:3 | Got a silver rune of Zot
 38806 | Vaults:3 | Identified the +5 scimitar of Duedank {flame, rF+ SInv}
 39817 | Depths:1 | Entered Level 1 of the Depths
 39886 | Depths:1 | Reached skill level 16 in Dodging
 40638 | Depths:1 | Reached skill level 15 in Armour
 40638 | Depths:1 | Reached skill level 15 in Shields
 40786 | Depths:1 | Reached skill level 15 in Fighting
 41399 | Depths:1 | Found a gateway to Hell.
 41581 | Depths:1 | Identified the cursed +1 spear "Podopac" {pierce, rElec}
 41958 | Depths:2 | Noticed a caustic shrike
 41966 | Depths:2 | Reached XP level 23. HP: 90/199 MP: 40/42
 41987 | Depths:2 | Killed a caustic shrike
 42005 | Depths:2 | Identified the Handbook of Spatial Poison
 42545 | Depths:2 | Found a one-way gate to the infinite horrors of the Abyss.
 42651 | Depths:2 | Identified the ring "Fuotaaxa" {+Fly rC+ Str+3 Int-3}
 42876 | Depths:3 | Found a one-way gate leading to the halls of Pandemonium.
 43132 | Depths:3 | Noticed a caustic shrike
 43132 | Depths:3 | Noticed a caustic shrike
 43132 | Depths:3 | Noticed a caustic shrike
 43133 | Depths:3 | Noticed a caustic shrike
 43133 | Depths:3 | Noticed a caustic shrike
 43133 | Depths:3 | Noticed a caustic shrike
 43133 | Depths:3 | Noticed a caustic shrike
 43133 | Depths:3 | Noticed a caustic shrike
 43136 | Depths:3 | Killed a caustic shrike
 43138 | Depths:3 | Killed a caustic shrike
 43139 | Depths:3 | Noticed a caustic shrike
 43140 | Depths:3 | Killed a caustic shrike
 43145 | Depths:3 | Killed a caustic shrike
 43146 | Depths:3 | Killed a caustic shrike
 43147 | Depths:3 | Killed a caustic shrike
 43148 | Depths:3 | Reached skill level 17 in Dodging
 43148 | Depths:3 | Killed a caustic shrike
 43152 | Depths:3 | Killed a caustic shrike
 43165 | Depths:3 | Killed a caustic shrike
 43193 | Depths:3 | Identified the ring "Amyustraho" {Fire MR+ Stlth+}
 43198 | Depths:3 | Identified the +7 shortbow of Etenih {elec, rF+ rN+ Int+4}
 43416 | Depths:3 | Noticed Frederick
 43423 | Depths:3 | Noticed Asterion
 43431 | Depths:3 | Killed Asterion
 43438 | Depths:3 | Killed Frederick
 43447 | Depths:3 | Reached XP level 24. HP: 204/210 MP: 42/42
 43480 | Depths:3 | Found Weplodumn's Book Shoppe.
 43490 | Depths:3 | Bought a manual of Shields for 2318 gold pieces
 44091 | D:6      | Bought a scroll of brand weapon for 180 gold pieces
 44312 | Vaults:2 | Bought a scroll of enchant weapon for 120 gold pieces
 44312 | Vaults:2 | Bought a scroll of enchant weapon for 120 gold pieces
 44475 | Orc      | Bought a potion of mutation for 88 gold pieces
 44475 | Orc      | Bought a potion of haste for 110 gold pieces
 44475 | Orc      | Bought a potion of might for 44 gold pieces
 44475 | Orc      | Bought a potion of mutation for 88 gold pieces
 44475 | Orc      | Bought a potion of haste for 110 gold pieces
 44475 | Orc      | Bought a potion of mutation for 88 gold pieces
 44475 | Orc      | Bought a potion of might for 44 gold pieces
 44475 | Orc      | Bought a potion of might for 44 gold pieces
 44475 | Orc      | Bought a potion of curing for 27 gold pieces
 44475 | Orc      | Bought a potion of agility for 44 gold pieces
 44483 | Orc      | Bought a potion of haste for 120 gold pieces
 44483 | Orc      | Bought a potion of haste for 120 gold pieces
 44483 | Orc      | Bought a potion of might for 48 gold pieces
 45817 | Depths:5 | Entered Level 5 of the Depths
 45962 | Depths:4 | Found a viscous altar of Jiyva.
 45976 | Depths:4 | Reached skill level 18 in Dodging
 46153 | Depths:5 | Found Uwyczoz's Food Boutique.
 46153 | Depths:5 | Found Miloedak's Weapon Shop.
 46155 | Depths:5 | Found Unaphuyn's Armour Shop.
 46157 | Depths:5 | Found Bedikeuv's Food Boutique.
 46263 | Depths:5 | Noticed a golden dragon
 46287 | Depths:5 | Killed a golden dragon
 46465 | Depths:5 | Found a gate to the Realm of Zot.
 46487 | Depths:5 | Reached XP level 25. HP: 204/221 MP: 41/42
 46548 | Depths:5 | Found a gateway to a ziggurat.
 46621 | Depths:5 | Found Quij's Antique Weapon Shoppe.
 46831 | Depths:5 | Found a snail-covered altar of Cheibriados.
 46955 | Zot:1    | Entered Level 1 of the Realm of Zot
 47686 | Zot:1    | Identified the +1 pair of boots of Xom's Displeasure {rF-
                  | Int+5}
 47831 | Zot:2    | Found the +2 robe of Vines {NoPotionHeal Regen+7 Str+7}
 47978 | Zot:2    | Noticed a Killer Klown
 47991 | Zot:2    | Killed a Killer Klown
 48562 | Zot:2    | Reached skill level 19 in Dodging
 49299 | Zot:3    | Noticed a golden dragon
 49340 | Zot:3    | Killed a golden dragon
 49341 | Zot:3    | Reached XP level 26. HP: 204/232 MP: 1/42
 49489 | Zot:3    | Noticed a golden dragon
 49496 | Zot:3    | Killed a golden dragon
 50035 | Zot:5    | Entered Level 5 of the Realm of Zot
 50207 | Zot:5    | Noticed a golden dragon
 50216 | Zot:5    | Noticed an ancient lich
 50222 | Zot:5    | Killed a golden dragon
 50234 | Zot:5    | Killed an ancient lich
 50686 | Zot:5    | Noticed a Killer Klown
 50721 | Zot:5    | Noticed a Killer Klown
 50733 | Zot:5    | Killed a Killer Klown
 50750 | Zot:5    | Killed a Killer Klown
 51071 | Zot:5    | Noticed an orb of fire
 51072 | Zot:5    | Gained mutation: You are dopey. (Int -2) [an orb of fire]
 51075 | Zot:5    | Gained mutation: Your spells are harder to cast, but more
                  | powerful. [an orb of fire]
 51077 | Zot:5    | Killed an orb of fire
 51110 | Zot:5    | Reached skill level 20 in Dodging
 51111 | Zot:5    | Noticed a Killer Klown
 51114 | Zot:5    | Noticed a Killer Klown
 51117 | Zot:5    | Noticed an orb of fire
 51122 | Zot:5    | Gained mutation: You have supernaturally acute eyesight.
                  | (SInv) [an orb of fire]
 51126 | Zot:5    | Killed an orb of fire
 51132 | Zot:5    | Killed a Killer Klown
 51140 | Zot:5    | Reached XP level 27. HP: 232/243 MP: 42/42
 51244 | Zot:5    | Noticed an orb of fire
 51255 | Zot:5    | Killed an orb of fire
 51255 | Zot:5    | Noticed an ancient lich
 51266 | Zot:5    | Killed an ancient lich
 51274 | Zot:5    | Noticed an ancient lich
 51281 | Zot:5    | Killed an ancient lich
 51334 | Zot:5    | Noticed an orb of fire
 51338 | Zot:5    | Killed an orb of fire
 51682 | Zot:5    | Reached skill level 21 in Dodging
 51973 | Zot:5    | Got the Orb of Zot
 52393 | D:12     | Noticed a seraph
 52400 | D:12     | Identified the cursed +0 large shield of Lifelessness
                  | {SInv}
 52406 | D:12     | Killed a seraph
 52726 | D:$      | Escaped with the Orb!

Skill      XL: |  1  2  3  4  5  6  7  8  9 10 11 12 13 14 15 16 17 18 19 20 21 22 23 24 25 26 27 |
---------------+----------------------------------------------------------------------------------+-----
Long Blades    | 2 3 4 5 6 7 8 9 10 11 12 13 14 15 16 | 16.0
Fighting       | 3 4 5 6 7 8 9 10 11 12 13 14 15 16 17 18 19 20 | 20.3
Armour         | 3 4 5 6 7 8 9 10 11 12 13 14 15 16 17 18 19 20 | 20.4
Dodging        | 1 2 3 4 5 6 7 8 9 10 11 12 14 15 16 17 18 19 20 21 | 21.2
Shields        | 3 4 5 6 7 8 9 10 11 12 13 14 15 16 18 19 20 | 20.1
Invocations    | 2 3 5 6 8 9 11 12 13 14 15 16 17 18 19 20 | 20.0
Throwing       | 1 3 4 5 6 7 8 9 10 11 12 | 12.0
Polearms       | 2 4 5 6 |  6.2

Action                   |  1- 3 |  4- 6 |  7- 9 | 10-12 | 13-15 | 16-18 | 19-21 | 22-24 | 25-27 || total
-------------------------+-------+-------+-------+-------+-------+-------+-------+-------+-------++-------
Melee: Long sword        |    54 |   261 |   446 |   403 |       |       |       |       |       ||  1164
       Mace              |       |       |    10 |       |       |       |       |       |       ||    10
       Falchion          |       |       |       |   163 |       |       |       |       |       ||   163
       Scimitar          |       |       |       |   305 |  1462 |   124 |       |       |       ||  1891
       Lance             |       |       |       |       |    23 |       |       |       |       ||    23
       Double sword      |       |       |       |       |       |  1617 |  1387 |  1427 |  1079 ||  5510
Throw: Tomahawk          |       |     1 |    32 |    31 |   159 |   599 |   183 |   184 |   203 ||  1392
       Javelin           |       |       |       |       |       |    50 |   292 |   117 |    94 ||   553
       Throwing net      |       |       |       |       |       |       |       |     2 |       ||     2
Invok: Heroism           |       |       |     1 |     9 |    20 |    34 |    35 |    18 |    26 ||   143
       Divine Shield     |       |       |       |     4 |     5 |     8 |     6 |     3 |     3 ||    29
       Major Destruction |       |       |       |       |    19 |       |     4 |       |       ||    23
       Smiting           |       |       |       |       |       |     8 |    16 |     3 |    15 ||    42
       Growth            |       |       |       |       |       |       |     1 |       |       ||     1
Evoke: Lamp of fire      |       |       |       |     1 |     1 |     2 |     1 |       |       ||     5
       Wand              |       |       |       |       |     2 |     5 |     1 |     6 |       ||    14
       Phantom mirror    |       |       |       |       |       |     1 |       |       |       ||     1
  Use: Scroll            |     1 |     5 |     7 |     7 |     6 |     4 |    14 |    12 |    14 ||    70
       Potion            |       |       |     3 |     6 |     3 |     1 |       |       |    11 ||    24
 Stab: Confused          |       |       |       |       |       |     6 |       |     3 |     2 ||    11
       Distracted        |       |       |       |       |       |     1 |       |       |       ||     1
       Held in net/web   |       |       |       |       |       |     4 |       |     1 |       ||     5
       Petrified         |       |       |       |       |       |       |       |     4 |       ||     4
  Eat: Chunk             |     1 |    16 |    27 |    38 |    57 |    62 |    44 |    31 |     2 ||   278
       Ration            |       |       |     2 |     1 |     5 |     7 |     7 |     8 |    12 ||    42
Armor: Scale mail        |    17 |       |       |       |       |       |       |       |       ||    17
       Plate armour      |     4 |   144 |   225 |   240 |       |       |    99 |    14 |       ||   726
       Chain mail        |       |       |       |   120 |   469 |   596 |    81 |   150 |   184 ||  1600
       Pearl dragon scal |       |       |       |       |       |       |       |       |     3 ||     3
Dodge: Dodged            |     8 |    16 |    74 |   184 |   604 |  1627 |   540 |   623 |   494 ||  4170
Block: Medium shield     |    30 |   180 |   297 |   771 |  1645 |  3130 |  2085 |  1945 |  1425 || 11508
